 Dungeon Crawl Stone Soup version 0.30.1 (webtiles) character file.

Game seed: 489055071566661283

23192 Gabide the Brawler (level 12, -10/99 HPs)
             Began as a Mummy Berserker on July 12, 2023.
             Was a Priest of Trog.
             Mangled by a skyshark (23 damage)
             ... on level 2 of the Lair of Beasts.
             The game lasted 00:58:30 (18322 turns).

Gabide the Brawler (Mummy Berserker)               Turns: 18322, Time: 00:58:31

Health: -10/99     AC:  9    Str: 27    XL:     12   Next: 69%
Magic:  12/12      EV: 14    Int: 13    God:    Trog [***...]
Gold:   362        SH:  5    Dex: 12    Spells: 11/11 levels left

rFire   . .          .
                       - Unarmed
rCold   + . .        (no shield)
rNeg    + + +        j - +1 leather armour "Lisoarhi" {Str+3 SInv}
rPois   ∞            h - +1 helmet {Int+3}
rElec   .            y - +1 cloak
rCorr   .            p - +0 pair of gloves
SInv    +            (no boots)
Will    +++..        e - amulet of reflection
Stlth   +            l - +4 ring of slaying
HPRegen 1.36/turn    n - ring "Coavathre" {rPois rF+ rN+ Int+3}
MPRegen 0.13/turn

%: reflection, faith
@: strong-willed, regenerating
A: cold resistance 1, negative energy resistance 3, torment resistance 2, heat
vulnerability 1, in touch with death 1, no potions, faith
a: Renounce Religion, Trog's Hand


You were on level 2 of the Lair of Beasts.
You worshipped Trog.
Trog was most pleased with you.
You visited 3 branches of the dungeon, and saw 15 of its levels.
You also visited: Bailey.

You collected 650 gold pieces.
You spent 288 gold pieces at shops.

Inventory:

Hand Weapons
 b - a +3 heavy longbow
Missiles
 x - 2 curare-tipped darts
Armour
 a - a +0 scale mail of willpower
 h - a +1 helmet of intelligence (worn)
 i - an orb of mayhem
 j - the +1 leather armour "Lisoarhi" (worn) {Str+3 SInv}
   (You found it on level 3 of the Dungeon)

   Str:       It affects your strength (+3).
   SInv:      It lets you see invisible.
 p - a +0 pair of gloves (worn)
 y - a +1 cloak (worn)
Jewellery
 e - an amulet of reflection (around neck)
 f - a +6 ring of strength
 k - a ring of see invisible
 l - a +4 ring of slaying (left hand)
 n - the ring "Coavathre" (right hand) {rPois rF+ rN+ Int+3}
   (You found it on level 7 of the Dungeon)

   [ring of poison resistance]

   Int:       It affects your intelligence (+3).
   rF:        It protects you from fire.
   rPois:     It protects you from poison.
   rN:        It protects you from negative energy.
 s - a ring of protection from cold
 t - a +6 ring of strength
Wands
 g - a wand of mindburst (10)
 o - a wand of iceblast (13)
 w - a wand of charming (2)
Scrolls
 c - 2 scrolls of teleportation
 d - 3 scrolls of fog
 m - 8 scrolls of identify
 q - a scroll of brand weapon
 r - a scroll of immolation
 u - 2 scrolls of torment


   Skills:
 + Level 10.7 Fighting
 - Level 2.0 Armour
 - Level 6.0 Dodging
 - Level 15.0 Unarmed Combat


You had 11 spell levels left.
You didn't know any spells.
Your spell library was empty.

Dungeon Overview and Level Annotations

Branches:
Dungeon (11/15)            Temple (1/1) D:5            Lair (3/5) D:10
  Swamp (0/4) Lair:2       Bailey (visited)
  Snake: Lair:2-3    Spider: Lair:2-3       Orc: D:9-12

Altars:
Ashenzari
Cheibriados
Dithmenos
Fedhas
Gozag
Hepliaklqana
Kikubaaqudgha
Makhleb
Nemelex Xobeh
Okawaru
Qazlal
Ru
Sif Muna
Trog
Uskayaw
Vehumet
Wu Jian
Xom
Yredelemnul

Shops:
D:9 ?*

Annotations:
D:6 3 runed translucent doors, Graphine's ghost, novice HuAE
D:11 Urug


Innate Abilities, Weirdness & Mutations

You are immune to poison.
Your flesh is cold resistant. (rC+)
You are immune to negative energy. (rN+++)
You are immune to unholy pain and torment.
You are vulnerable to heat. (rF-)
You are in touch with the powers of death.
You do not drink.
You have a special connection with the divine. (Faith)


Message History

Your bullfrog's corpse dissolves into shadows!
Okay, then.
Press: ? - help, v - describe, . - travel, g - get item
Here: a skyshark (heavily wounded, berserk, very poisoned, slow) Item here: a curare-tipped dart.
The floor, spattered with blood.
The air fills with toxic fumes!
As you read the scroll of poison, it crumbles to dust.
The skyshark attacks as you move away! The skyshark misses you.
The skyshark tail-slaps you.
* * * LOW HITPOINT WARNING * * *
The skyshark tail-slaps you.
* * * LOW HITPOINT WARNING * * *
The skyshark is engulfed in poison gas.
The skyshark looks even sicker.
The skyshark is engulfed in poison gas.
The skyshark looks as sick as possible!
The skyshark bites you.
* * * LOW HITPOINT WARNING * * *
You block the skyshark's attack. x2
Press: ? - help, v - describe, . - travel
Here: a skyshark (poison gas, heavily wounded, berserk, extremely poisoned, slow)
The floor.
Unknown command.
Okay, then.
Unknown command.
Unknown command.
Okay, then.
Unknown command.
Aiming: Mindburst
Press: ? - help, Shift-Dir - straight line, f/p - skyshark
Aim: a skyshark (poison gas, heavily wounded, berserk, extremely poisoned, slow, chance to affect: 47%)
Okay, then.
Unknown command.
You hit the skyshark.
The skyshark is severely wounded.
The skyshark is no longer moving slowly.
You barely miss the skyshark.
The skyshark is severely wounded.
The skyshark is engulfed in poison gas.
The skyshark looks as sick as possible!
The skyshark bites you!!
You die...

#...............
##....)..........
##§§§§§...........
#P§§§§§...........
##§§§§§§...........
##§§§§§§§...........
#######.§§§§§§§...........
###.§§§###§§§§§§§###........
#...§§§§§§l@§§§§##⌠##.......
##...#§(§.§§§§§##...##......
#..###§§§§§§§##..!..##.....
#..####§§§§§§§§..♣..⌠#.....
##...##§§§§§§§##§....##.....
#...##§§§§§§§§§##...##......
##..###§§§§§§§§§##⌠##.......
##..#.§§§§§§§§§§§###........
#...........................


You could see a skyshark (berserk, extremely poisoned).

Vanquished Creatures
  The ghost of Peloso the Carver, a journeyman MiFi of Okawaru (Lair:2)
  2 boulder beetles (D:10)
  Sonja (Lair:1)
  Amaemon (Lair:1)
  An orc knight (Bailey)
  2 oklob plants
  A black mamba (Lair:2)
  6 elephants (Lair:1)
  Joseph (D:8)
  An orange demon (Lair:1)
  A gargoyle (D:11)
  4 cane toads
  Maggie (Lair:1)
  6 komodo dragons (Lair:1)
  A rime drake (Lair:1)
  A troll (D:10)
  3 tyrant leeches (Lair:1)
  Grinder (D:3)
  6 dream sheep (Lair:2)
  5 blink frogs (Lair:1)
  A shadow (D:9)
  3 wyverns
  13 yaks
  A steam dragon (D:8)
  A basilisk (Lair:2)
  Eustachio (D:5)
  A redback (Lair:3)
  Menkaure (D:5)
  3 wargs (D:10)
  Edmund (D:5)
  Duvessa (D:3)
  5 water moccasins
  4 black bears
  4 sky beasts
  5 orc warriors
  2 ogres
  6 wolves (Lair:1)
  3 centaurs
  11 bullfrogs
  5 scorpions
  3 wights (D:8)
  Dowan (D:3)
  22 killer bees
  2 jellies
  A gnoll bouda (D:7)
  3 hounds
  5 orc priests
  3 iguanas
  9 orc wizards
  A scorpion zombie (D:3)
  3 hell rats
  3 hound zombies (D:3)
  Robin (D:2)
  9 gnolls
  7 adders
  A shadow imp (D:5)
  A white imp (D:7)
  An adder skeleton (D:3)
  A worm (D:3)
  2 dart slugs
  38 orcs
  10 endoplasms
  3 giant cockroaches
  17 goblins
  5 hobgoblins
  9 jackals
  8 kobolds
  2 quokkas
  3 ball pythons
  A ball python skeleton (D:3)
  4 bats
  7 frilled lizards
  A jackal skeleton (D:3)
  A jackal zombie (D:3)
  4 rats
310 creatures vanquished.

Vanquished Creatures (collateral kills)
  A blink frog (Lair:1)
  2 orcs (D:7)
  2 hobgoblins (D:7)
  A goblin (D:7)
6 creatures vanquished.

Vanquished Creatures (others)
  A blink frog (Lair:1)
  An orc wizard (D:6)
  A gnoll (D:7)
3 creatures vanquished.

Grand Total: 319 creatures vanquished

Notes
Turn   | Place    | Note
-------+----------+-------------------------------------------
     0 | D:1      | Gabide the Mummy Berserker began the quest for the Orb.
     0 | D:1      | Reached XP level 1. HP: 18/18 MP: 1/1
   144 | D:1      | Reached XP level 2. HP: 19/24 MP: 2/2
   390 | D:1      | Reached ** piety under Trog
   571 | D:1      | Reached skill level 3 in Unarmed Combat
   610 | D:1      | Gained mutation: You are in touch with the powers of death.
                  | [Mummy growth]
   610 | D:1      | Reached XP level 3. HP: 29/29 MP: 3/3
  1369 | D:2      | Noticed Robin
  1401 | D:2      | Killed Robin
  1402 | D:2      | Reached XP level 4. HP: 20/35 MP: 4/4
  1490 | D:2      | Found a faded altar of an unknown god.
  1790 | D:3      | Reached skill level 4 in Unarmed Combat
  1808 | D:3      | Identified the +1 leather armour "Lisoarhi" {Str+3 SInv}
  1858 | D:3      | Reached *** piety under Trog
  1897 | D:3      | Reached XP level 5. HP: 28/41 MP: 5/5
  2302 | D:3      | Reached skill level 5 in Unarmed Combat
  2693 | D:4      | Noticed a black bear
  2730 | D:4      | Noticed Grinder
  2781 | D:3      | Killed Grinder
  2782 | D:3      | Reached skill level 6 in Unarmed Combat
  2782 | D:3      | Reached XP level 6. HP: 46/47 MP: 6/6
  3046 | D:4      | Noticed Duvessa
  3046 | D:4      | Noticed Dowan
  3573 | D:4      | Reached XP level 7. HP: 52/52 MP: 7/7
  3644 | D:4      | Reached skill level 7 in Unarmed Combat
  4373 | D:4      | Found a shimmering blue altar of Sif Muna.
  4404 | D:5      | Entered Level 5 of the Dungeon
  4501 | D:5      | Noticed Menkaure
  4587 | D:5      | Killed Menkaure
  4684 | D:5      | Reached skill level 8 in Unarmed Combat
  4684 | D:5      | Reached XP level 8. HP: 56/58 MP: 8/8
  4720 | D:5      | Found a staircase to the Ecumenical Temple.
  4728 | Temple   | Entered the Ecumenical Temple
  4754 | D:5      | Noticed Eustachio
  4784 | D:5      | Killed Eustachio
  5017 | D:5      | Identified the +0 robe of Repulsion {rF- Will+ rCorr Str+3}
  5225 | D:5      | Noticed Edmund
  5228 | D:5      | Killed Edmund
  5229 | D:5      | Reached skill level 9 in Unarmed Combat
  6392 | D:3      | Killed Duvessa
  6711 | D:3      | Killed Dowan
  6805 | D:6      | Noticed Graphine's ghost (novice HuAE)
  6969 | D:6      | Found a runed translucent gate.
  6969 | D:6      | Found a runed translucent gate.
  7011 | D:6      | Found a runed translucent gate.
  7088 | D:6      | Reached skill level 10 in Unarmed Combat
  7272 | D:6      | Reached XP level 9. HP: 63/63 MP: 9/9
  7680 | D:7      | Found a flagged portal.
  7690 | Bailey   | Entered a bailey
  8257 | Bailey   | Noticed an orc knight
  8290 | Bailey   | Killed an orc knight
  8291 | Bailey   | Reached skill level 11 in Unarmed Combat
  8553 | D:7      | Reached skill level 12 in Unarmed Combat
  8697 | D:7      | Reached **** piety under Trog
  8706 | D:7      | Found a shimmering altar of Xom.
  8707 | D:7      | Identified the ring "Coavathre" {rPois rF+ rN+ Int+3}
  8842 | D:7      | Found an opulent altar of Gozag.
  9010 | D:8      | Found a radiant altar of Vehumet.
  9021 | D:8      | Noticed Joseph
  9035 | D:8      | Reached XP level 10. HP: 59/72 MP: 10/10
  9045 | D:8      | Killed Joseph
  9046 | D:8      | Reached skill level 5 in Fighting
  9342 | D:8      | Found a sacrificial altar of Ru.
 10232 | D:9      | Found Zust's Magic Scroll Emporium.
 10251 | D:9      | Bought a scroll of identify for 24 gold pieces
 10251 | D:9      | Bought a scroll of teleportation for 36 gold pieces
 10251 | D:9      | Bought a scroll of poison for 48 gold pieces
 10251 | D:9      | Bought a scroll of fog for 48 gold pieces
 10251 | D:9      | Bought a scroll of identify for 24 gold pieces
 10251 | D:9      | Bought a scroll of teleportation for 36 gold pieces
 10251 | D:9      | Bought a scroll of identify for 24 gold pieces
 10251 | D:9      | Bought a scroll of identify for 24 gold pieces
 10251 | D:9      | Bought a scroll of identify for 24 gold pieces
 10321 | D:9      | Found Kilegg's Fire Supplies.
 10398 | D:10     | Entered Level 10 of the Dungeon
 10465 | D:10     | Found a staircase to the Lair.
 10819 | D:10     | Found a stormy altar of Qazlal.
 11134 | D:10     | Found a snail-covered altar of Cheibriados.
 11430 | D:11     | Noticed a gargoyle
 11438 | D:11     | Reached XP level 11. HP: 89/89 MP: 11/11
 11524 | D:11     | Noticed a boulder beetle
 11524 | D:11     | Noticed a boulder beetle
 11668 | D:10     | Killed a boulder beetle
 11669 | D:10     | Reached skill level 5 in Dodging
 11726 | D:11     | Noticed Urug
 11750 | D:10     | Killed a boulder beetle
 11788 | Lair:1   | Entered Level 1 of the Lair of Beasts
 11972 | Lair:1   | Noticed an oklob plant
 12701 | Lair:1   | Killed an oklob plant
 12980 | Lair:1   | Noticed Maggie
 13003 | Lair:1   | Reached skill level 13 in Unarmed Combat
 13217 | Lair:1   | Noticed Sonja
 13235 | Lair:1   | Killed Sonja
 13576 | Lair:1   | Killed Maggie
 13577 | Lair:1   | Reached XP level 12. HP: 83/95 MP: 12/12
 13648 | Lair:1   | Reached skill level 14 in Unarmed Combat
 14639 | Lair:2   | Noticed Amaemon
 15137 | Lair:1   | Reached skill level 15 in Unarmed Combat
 15270 | Lair:1   | Killed Amaemon
 15502 | Lair:2   | Noticed Peloso's ghost (journeyman MiFi)
 15524 | Lair:2   | Found a staircase to the Swamp.
 15734 | Lair:2   | Reached skill level 10 in Fighting
 17718 | Lair:2   | Found a runed translucent door.
 18188 | Lair:2   | Killed Peloso's ghost
 18322 | Lair:2   | Mangled by a skyshark

Illustrated notes

Levels and vault maps discovered:
D:1:      heliophobic_arrival_enchanted_forest, layout_basic, kennysheep_doodads
D:2:      layout_basic, hellmonk_ecumenical_altar_lost_god,
          kennysheep_generic_room_3, uniq_robin
D:3:      layout_rooms, serial_undead, serial_undead_a, serial_undead_b,
          serial_undead_e, serial_undead_b, serial_undead_f, serial_undead_c
D:4:      layout_layer_cave, gammafunk_temple_overflow_pools, uniq_grinder,
          uniq_duvessa
D:5:      layout_gridville, minmay_temple_entry_arrows, uniq_edmund,
          uniq_menkaure, uniq_eustachio
D:6:      layout_rooms, gammafunk_ghost_split
D:7:      layout_basic, tgw_xom, nicolae_gozag_cash_rules_everything_around_me,
          nicolae_ossuary_entry_ruins, enter_bailey_4
D:8:      layout_cave_pools, nicolae_vehumet_radiance, lemuel_tele_altar,
          uniq_joseph
D:9:      layout_big_octagon, serial_shops, nicolae_shop_tiny_glass,
          nicolae_shop_fire_sale [nicolae_sub_dead_trees]
D:10:     layout_cave_pools, grunt_qazlal_clouds, erik_lair_orcish_takeover,
          serial_park, serial_park_square2, serial_park_square2,
          serial_park_square3 [serial_park_minivault_5x5_8], serial_park_tiny_2
D:11:     layout_loops_cross, uniq_urug
Temple:   hellmonk_temple_two_chambers
Lair:1:   layout_chaotic_city, minmay_lair_oklob_bushes, beast_lair_carwin_9,
          uniq_sonja, uniq_maggie
Lair:2:   layout_layer_cave, minmay_swamp_entry_worms,
          hellmonk_ghost_happy_afterlife, uniq_amaemon
Lair:3:   layout_roguey [special_room_mythical_zoo], spider_nest_entry_webs,
          infiniplex_staircase_pool_2

Skill      XL: |  1  2  3  4  5  6  7  8  9 10 11 12 |
---------------+-------------------------------------+-----
Unarmed Combat | 3 4 6 8 10 12 13 15 | 15.0
Dodging        | 2 4 6 |  6.0
Armour         | 2 |  2.0
Fighting       | 4 9 10 | 10.7

Action                     |  1- 3 |  4- 6 |  7- 9 | 10-12 || total
---------------------------+-------+-------+-------+-------++-------
  Melee: Unarmed           |   124 |   161 |   271 |   442 ||   998
         Punch             |     5 |     6 |     8 |    34 ||    53
   Fire: Longbow           |    36 |    71 |    83 |   168 ||   358
  Throw: Throwing net      |       |       |     1 |       ||     1
         Dart              |       |       |       |     2 ||     2
 Invoke: Trog's Hand       |     2 |     7 |    18 |    32 ||    59
  Evoke: Wand              |       |       |     5 |     4 ||     9
    Use: Scroll            |       |     5 |    11 |    15 ||    31
   Stab: Held in net/web   |       |       |     1 |       ||     1
         Distracted        |       |       |       |     1 ||     1
 Armour: Animal skin       |     8 |       |       |       ||     8
         Leather armour    |    16 |     6 |     3 |   134 ||   159
         Scale mail        |    17 |    48 |   114 |       ||   179
         Skin              |       |     3 |       |       ||     3
  Dodge: Dodged            |    91 |    87 |   151 |   318 ||   647
  Block: Other             |       |       |    36 |   106 ||   142
         Reflection        |       |       |     6 |     6 ||    12
         Orb               |       |       |     8 |       ||     8
